 Dungeon Crawl Stone Soup version 0.22-a0-348-gd16d139 (webtiles) character file.

90294 mhoghedin the Fighter (level 15, -5/122 HPs)
             Began as a Mummy Fighter on Apr 6, 2018.
             Was the Champion of Ashenzari.
             Killed from afar by a fire giant (20 damage)
             ... with a bolt of fire
             ... on level 15 of the Dungeon on Apr 7, 2018.
             The game lasted 00:50:54 (25145 turns).

mhoghedin the Fighter (Mummy Fighter)              Turns: 25145, Time: 00:50:55

Health: -5/122     AC: 23    Str: 22    XL:     15   Next: 51%
Magic:  0/20       EV: 12    Int:  9    God:    Ashenzari [******]
Gold:   394        SH: 15    Dex: 19    Spells: 14/14 levels left

rFire    . . .     SeeInvis +   p - +7 Screaming Sword (curse)
rCold    + . .     Gourm    .   c - +2 shield (curse)
rNeg     + + +     Faith    .   x - +0 plate armour (curse)
rPois    ∞         Spirit   +   r - +0 helmet
rElec    .         Reflect  .   u - scarf {Spirit} (curse)
rCorr    .         Harm     .   (no gloves)
MR       +....     Clarity  +   H - +0 pair of boots
Stlth    ..........             D - amulet "Xietaic" {RegenMP Dex+5} (curse)
HPRegen  0.30/turn              m - +6 ring of protection (curse)
MPRegen  0.42/turn              o - ring of protection from fire (curse) {rF+, !d}

@: no status effects
A: no food or potions, fire vulnerability, cold resistance 1, negative energy
resistance 3, torment resistance, unbreathing, in touch with death 1
a: Curse Item, Scrying, Transfer Knowledge, Renounce Religion


You were on level 15 of the Dungeon.
You worshipped Ashenzari.
Ashenzari was exalted by your worship.
You were not hungry.

You visited 2 branches of the dungeon, and saw 21 of its levels.
You visited 1 bazaar.
You also visited: Ossuary.

You collected 1742 gold pieces.
You spent 1348 gold pieces at shops.

Inventory:

Hand Weapons
 p - the cursed +7 Screaming Sword (weapon)
   (You found it on level 4 of the Dungeon)

   It has a curse placed upon it.
 w - a +3 scimitar of flaming
   (You took it off Erica on level 8 of the Dungeon)
Missiles
 g - 5 throwing nets {=f, !d}
 i - 3 curare-tipped needles
Armour
 c - a cursed +2 shield (worn)
 r - a +0 helmet (worn)
   (You took it off Robin on level 4 of the Dungeon)
 u - a cursed scarf of spirit shield (worn)
   (You found it on level 6 of the Dungeon)
 x - a cursed +0 plate armour (worn)
   (You found it on level 10 of the Dungeon)
 H - a +0 pair of boots (worn)
   (You found it on level 13 of the Dungeon)
Jewellery
 m - a cursed +6 ring of protection (left hand)
   (You found it in an ossuary)
 o - a cursed ring of protection from fire (right hand) {rF+, !d}
   (You found it on level 4 of the Dungeon)
 D - the cursed amulet "Xietaic" (around neck) {RegenMP Dex+5}
   (You found it on level 3 of the Lair of Beasts)

   [amulet of magic regeneration]

   It increases your magic regeneration.
   It affects your dexterity (+5).
   It has a curse placed upon it.
 E - the ring "Haraj" {Wiz rElec}
   (You found it on level 14 of the Dungeon)

   [ring of wizardry]

   It improves your spell success rate.
   It insulates you from electricity.
 G - the cursed ring "Orghapp" {+Blink Str+4 Stlth+}
   (You found it on level 6 of the Lair of Beasts)

   [ring of stealth]

   It affects your strength (+4).
   It lets you blink.
   It makes you more stealthy.
   It has a curse placed upon it.
Wands
 n - a wand of enslavement (2)
   (You took it off Maurice on level 8 of the Dungeon)
 q - a wand of flame (25)
   (You found it on level 6 of the Lair of Beasts)
 s - a wand of random effects (96)
   (You took it off Robin on level 4 of the Dungeon)
 y - a wand of paralysis (36)
   (You found it on level 10 of the Dungeon)
 A - a wand of digging (55)
   (You found it on level 2 of the Lair of Beasts)
 J - a wand of iceblast (7)
   (You bought it in a shop on level 11 of the Dungeon)
 K - a wand of acid (6)
   (You bought it in a shop on level 11 of the Dungeon)
Scrolls
 b - a scroll of silence {unknown}
 d - 7 scrolls of teleportation
 e - 7 scrolls of enchant weapon
 f - 5 scrolls of immolation {!r}
 h - 18 scrolls of identify
 j - 3 scrolls of fear
 k - 2 scrolls of amnesia
 l - 3 scrolls of brand weapon
 t - 9 scrolls of blinking {!r}
 v - 2 scrolls of magic mapping {!r}
 z - 8 scrolls of remove curse
 B - 2 scrolls of enchant armour
 C - 2 scrolls of fog
 L - 2 scrolls of summoning
Miscellaneous
 a - a lamp of fire (inert)
   (You found it on level 1 of the Lair of Beasts)
 F - a crystal ball of energy
   (You found it on level 6 of the Lair of Beasts)
 I - a phial of floods
   (You found it on level 11 of the Dungeon)
 M - a sack of spiders


   Skills:
 + Level 12.5 Fighting
 + Level 10.6(14.8) Long Blades
   Level 7.8 Maces & Flails
 + Level 9.4 Armour
 + Level 9.0 Dodging
 + Level 9.3(12.2) Shields
 + Level 7.8(12.3) Evocations


You had 14 spell levels left.
You didn't know any spells.

Dungeon Overview and Level Annotations

Branches:
Dungeon (15/15)            Temple (0/1) D:5            Lair (6/6) D:10
 Shoals (0/4) Lair:2       Spider (0/4) Lair:2        Slime (0/5) Lair:5
    Orc (0/2) D:10         Vaults (0/5) D:13         Depths (0/5) D:15

Altars:
Ashenzari
Cheibriados
Fedhas
Kikubaaqudgha
Ru
Trog
Vehumet
Yredelemnul
Zin

Shops:
D:11 }


Innate Abilities, Weirdness & Mutations

You do not eat or drink.
Your flesh is vulnerable to fire.
You are immune to poison.
Your flesh is cold resistant. (rC+)
You are immune to negative energy. (rN+++)
You are immune to unholy pain and torment.
You can survive without breathing.
You are in touch with the powers of death.


Message History

The orc warrior is engulfed in blazing flames.
The 11-headed hydra is engulfed in blazing flames.
You block the 11-headed hydra's attack.
The 11-headed hydra completely misses you.
You block the 11-headed hydra's attack. x2
The 11-headed hydra bites you but does no damage.
The 11-headed hydra misses you. The 11-headed hydra bites you.
The 11-headed hydra bites you but does no damage.
You block the 11-headed hydra's attack.
The 11-headed hydra bites you but does no damage.
The 11-headed hydra bites you.
The orc warrior is engulfed in blazing flames.
You kill the orc warrior!
You take 7 damage, and have 70/122 hp.
You now have 17/20 mp.
You lop one of the 11-headed hydra's heads off!
The ten-headed hydra grows two more!
You slice the 12-headed hydra!!
The 12-headed hydra is engulfed in blazing flames.
You kill the 12-headed hydra!
The warg is engulfed in blazing flames.
You are too injured to fight recklessly!
You are too injured to fight recklessly!
You are too injured to fight recklessly!
You slash the warg!
The warg is engulfed in blazing flames.
You kill the warg!
Really walk into that cloud of flame? [Y]es or [N]o only, please.
Really walk into that cloud of flame? [Y]es or [N]o only, please.
Really walk into that cloud of flame? [Y]es or [N]o only, please.
Really walk into that cloud of flame?
Okay, then.
Unknown command.
Unknown command.
Unknown command.
You start resting.
MP restored: 20 You start resting.
The orc warrior hits you but does no damage.
You block the orc warrior's attack.
You slice the orc warrior!! You block the orc warrior's attack.
You slash the orc warrior!
You kill the orc warrior!
Things that are here:
a +0 scimitar of holy wrath; a +0 plate armour; an orc corpse You start resting.
An orc knight comes into view.
It is wielding an enchanted great sword.
You regained 25 hp, and now have 100/122 hp.
The orc knight shouts!
You hear a shout! x2
The orc knight unwields an uncursed enchanted great sword.
The orc knight wields an arbalest.
The orc knight shoots a bolt.
The bolt hits you!
A fire giant comes into view.
Ashenzari warns you: It is wielding a great sword of flaming.
Things that are here:
a bolt; a warg corpse You take 8 damage, and have 92/122 hp.
You now have 19/20 mp.
The fire giant casts a spell at you.
The fireball explodes!
The fireball engulfs you!
You hear a shout!
Things that are here:
a +0 halberd; a +0 plate armour You are too injured to fight recklessly!
You are too injured to fight recklessly!
You take 27 damage, and have 65/122 hp.
MASSIVE DAMAGE!!
You now have 13/20 mp.
Unknown command.
The Screaming Sword shouts, "Today is a good day to die!"
The fire giant and the orc knight are hurt by the noise.
You hear an angry hiss.
The orc knight shoots a bolt.
The bolt hits you but does no damage.
Things that are here:
2 bolts; a warg corpse
Things that are here:
a +0 scimitar of holy wrath; a +0 plate armour; an orc corpse The Screaming Sword suddenly bursts into murderous laughter!
The fire giant and the orc knight are hurt by the noise.
You hear a shout!
You hear a croak.
The Screaming Sword judges, "You're not an artist, at best an artisan."
You start resting.
Aim: a fire giant, wielding a great sword of flaming (lightly wounded)
The mass of ice explodes!
The iceblast engulfs the fire giant.
The fire giant casts a spell at you. The bolt of fire hits you!
* * * LOW HITPOINT WARNING * * *
You take 36 damage, and have 32/122 hp.
MASSIVE DAMAGE!!
You now have 8/20 mp.
Aim: a fire giant, wielding a great sword of flaming (heavily wounded)
The mass of ice explodes!
The iceblast engulfs the fire giant.
An orc warrior comes into view. It is wielding a war axe.
Aim: a fire giant, wielding a great sword of flaming (severely wounded)
The bolt of acid misses the fire giant.
The Screaming Sword suddenly bursts into murderous laughter!
The orc knight shoots a bolt.
The bolt hits you!!
* * * LOW HITPOINT WARNING * * *
The fire giant gestures at you while chanting.
The bolt of fire hits you!
You die...

, ******** * * * *,* ,,,,, *
*#, ,,, , , ,{, ,,, , , ,
.##.###########. * ,*,* ,, *
* *................,, , *,*
* * * ,,................ ,
,, , , ** #..#....#### , ,*,
,* , ,**#....o.)(o.# , *, ,
,, , ,, .....{)####.## , * ,
, , ,,,, #......§§.#@.##..#
, , , ,
.§§≈.≈o≈§.C#.##..#,*, , ,,,,
,, ,.§§≈≈.≈§≈≈...##..# *, *
, , §≈#≈.≈≈≈#≈≈..##..#, , ,*
* ,, , ≈≈≈≈§.≈≈§≈≈..##..# *,
*,* # , , ≈≈
..§.≈≈≈§.##..#.# #.# ..# **
, ≈ .>.≈§#≈§.....#.#.#......
≈≈≈,,...≈§§§.##..#.#........
,,≈≈≈≈,≈.≈≈≈≈..#.#.#..
,..#...


You could see a fire giant, an orc knight and an orc warrior.

Vanquished Creatures
  Rupert (Lair:6)
  Kirke (Lair:5)
  The ghost of Arum the Warrior, a journeyman MiMo of Makhleb (Lair:6)
  2 entropy weavers (Lair:6)
  Josephine (D:13)
  8 hydras
  Erolcha (D:9)
  6 centaur warriors
  Erica (D:8)
  3 catoblepae (Lair:6)
  2 dancing weapons (D:13)
  9 two-headed ogres
  A queen ant (Lair:6)
  6 death yaks (Lair:6)
  A tengu warrior (D:15)
  4 unseen horrors
  A wizard (D:14)
  A deep elf archer (D:14)
  Pikel (D:8)
  A necromancer (D:14)
  A wolf spider zombie (D:14)
  2 deep elf magi (D:14)
  7 ugly things
  2 manticores (Lair:6)
  A wolf spider (shapeshifter) (D:14)
  2 cyclopes (D:13)
  3 elephants (Lair:2)
  A torpor snail (Lair:6)
  Joseph (D:7)
  4 black mambas
  Maurice (D:8)
  6 gargoyles
  4 spiny frogs
  2 kobold demonologists (D:14)
  3 rime drakes
  10 komodo dragons
  An efreet (D:14)
  2 meliai (D:13)
  7 trolls
  A meliai (shapeshifter) (D:14)
  A polar bear (Lair:4)
  A merfolk (D:12)
  A hornet (D:12)
  Grinder (D:5)
  A raiju (shapeshifter) (D:13)
  11 hippogriffs
  The ghost of Anon1729 the Firebug, an amateur DsFE (D:4)
  5 slime creatures
  A meliai zombie (D:14)
  2 shadows
  Sigmund (D:3)
  32 yaks
  7 hogs
  4 water elementals (D:12)
  8 wraiths
  2 vampires
  3 wyverns
  Grum (D:9)
  2 basilisks
  2 hungry ghosts
  7 vampire mosquitoes
  A warg (D:15)
  Duvessa (D:7)
  An acid dragon (D:14)
  23 soldier ants
  13 water moccasins
  9 porcupines
  12 orc warriors
  6 sky beasts
  4 ice beasts
  A hornet zombie (D:15)
  A slave (D:7)
  3 eyes of draining
  12 ogres
  A necrophage (D:9)
  16 centaurs
  17 wolves
  5 crocodiles
  7 big kobolds
  3 gnoll sergeants
  27 bullfrogs
  Dowan (D:7)
  4 wyvern skeletons
  21 scorpions
  16 killer bees
  5 electric eels
  9 howler monkeys
  11 wights
  A bullfrog zombie (D:11)
  8 crimson imps
  A wyvern simulacrum (D:14)
  5 bullfrog skeletons
  5 orc priests
  9 centaur skeletons
  4 centaur zombies
  14 orc wizards
  3 quasits
  A human zombie (Ossuary)
  Crazy Yiuf (D:6)
  A gnoll shaman (D:10)
  7 hounds
  6 jellies
  Jessica (D:3)
  2 iguanas
  31 worker ants
  A big kobold zombie (Ossuary)
  2 mummies (Ossuary)
  A hound zombie (D:5)
  A hound skeleton (D:7)
  Robin (D:4)
  A worker ant zombie (D:11)
  10 adders
  27 gnolls
  A scorpion zombie (Ossuary)
  5 shadow imps
  23 oozes
  4 adder skeletons
  3 worms
  2 dart slugs
  5 leopard geckos
  51 orcs
  3 giant cockroaches
  2 gnoll zombies (Ossuary)
  15 hobgoblins
  6 jackals
  5 quokkas
  9 bats
  7 frilled lizards
  17 goblins
  2 goblin zombies (Ossuary)
  2 hobgoblin zombies (Ossuary)
  A jackal skeleton (D:7)
  26 kobolds
  2 kobold zombies (Ossuary)
  2 orc zombies (Ossuary)
  7 rats
  A fungus (Lair:6)
  2 plants
784 creatures vanquished.

Vanquished Creatures (collateral kills)
  A meliai (D:13)
  3 orcs (D:13)
4 creatures vanquished.

Vanquished Creatures (others)
  An ugly thing (D:14)
  3 vampire mosquitoes (D:12)
  5 yaks (D:12)
  3 slaves (D:8)
  A mummy (Ossuary)
  An ooze (Lair:5)
  A bush (Lair:5)
  28 fungi
  19 plants
  4 toadstools (D:1)
66 creatures vanquished.

Grand Total: 854 creatures vanquished

Notes
Turn   | Place    | Note
-------+----------+-------------------------------------------
     0 | D:1      | mhoghedin the Mummy Fighter began the quest for the Orb.
     0 | D:1      | Reached XP level 1. HP: 18/18 MP: 1/1
   315 | D:1      | Reached XP level 2. HP: 22/24 MP: 2/2
  1054 | D:2      | Reached XP level 3. HP: 24/29 MP: 3/3
  1119 | D:2      | Reached skill level 2 in Maces & Flails
  1190 | D:2      | Reached skill level 1 in Dodging
  1701 | D:2      | Reached XP level 4. HP: 35/35 MP: 4/4
  1780 | D:3      | Noticed Sigmund
  1810 | D:3      | Killed Sigmund
  1810 | D:3      | Reached skill level 3 in Armour
  1810 | D:3      | Reached skill level 3 in Shields
  1810 | D:3      | Reached XP level 5. HP: 32/42 MP: 5/5
  1877 | D:3      | Noticed Jessica
  1884 | D:3      | Killed Jessica
  1897 | D:3      | Found a faded altar of an unknown god.
  2098 | D:3      | Reached skill level 4 in Fighting
  2213 | D:3      | Reached XP level 6. HP: 48/48 MP: 6/6
  2495 | D:4      | Found a bloodstained altar of Trog.
  2495 | D:4      | Noticed Anon1729's ghost (amateur DsFE)
  2562 | D:3      | Reached skill level 2 in Dodging
  2940 | D:4      | HP: 12/48 [ogre/giant club (13)]
  2941 | D:4      | Reached skill level 3 in Maces & Flails
  2946 | D:4      | HP: 11/48 [worm (1)]
  2960 | D:4      | Found a sand-covered staircase.
  2997 | Ossuary  | Entered an ossuary
  3449 | Ossuary  | Reached XP level 7. HP: 54/55 MP: 7/7
  3632 | Ossuary  | Reached skill level 4 in Maces & Flails
  3887 | Ossuary  | Reached skill level 5 in Maces & Flails
  4013 | Ossuary  | Reached XP level 8. HP: 27/61 MP: 8/8
  4211 | Ossuary  | Reached skill level 6 in Maces & Flails
  4518 | D:4      | Found the +7 Singing Sword
  4558 | D:4      | Reached skill level 7 in Maces & Flails
  4702 | D:4      | Killed Anon1729's ghost
  5022 | D:4      | Noticed Robin
  5043 | D:4      | Killed Robin
  5323 | D:4      | Reached skill level 1 in Long Blades
  5421 | D:5      | Entered Level 5 of the Dungeon
  5465 | D:5      | Reached skill level 2 in Long Blades
  5480 | D:5      | Reached XP level 9. HP: 49/66 MP: 9/9
  5607 | D:5      | Reached skill level 3 in Long Blades
  5891 | D:5      | Found a shattered altar of Ashenzari.
  5899 | D:5      | Found a snail-covered altar of Cheibriados.
  5899 | D:5      | Found a glowing silver altar of Zin.
  5902 | D:5      | Found a basalt altar of Yredelemnul.
  5905 | D:5      | Found a radiant altar of Vehumet.
  5915 | D:5      | Became a worshipper of Ashenzari the Shackled
  6390 | D:5      | Found a staircase to the Ecumenical Temple.
  6635 | D:6      | Noticed Grinder
  6814 | D:5      | Reached skill level 5 in Fighting
  6817 | D:6      | Paralysed by Grinder for 4 turns
  6827 | D:5      | Reached skill level 4 in Long Blades
  6841 | D:5      | Killed Grinder
  7070 | D:5      | Reached skill level 6 in Fighting
  7115 | D:5      | Reached skill level 5 in Long Blades
  7129 | D:6      | HP: 10/71 [ogre/giant club (18)]
  7457 | D:6      | Got the uncursed robe of Daumut {+Inv rN+ Regen+ Dex-5}
  7547 | D:6      | Reached * piety under Ashenzari
  7622 | D:6      | Found a runed door.
  8014 | D:6      | Noticed Crazy Yiuf
  8020 | D:6      | Killed Crazy Yiuf
  8051 | D:7      | Identified the Collected Works on Necromancy and Poisoning
  8059 | D:7      | Found an ancient bone altar of Kikubaaqudgha.
  8078 | D:7      | Reached skill level 7 in Fighting
  8276 | D:7      | Noticed Joseph
  8288 | D:7      | Killed Joseph
  8288 | D:7      | Reached XP level 10. HP: 62/79 MP: 7/10
  8442 | D:7      | Reached skill level 6 in Long Blades
  8638 | D:7      | Noticed Dowan
  8645 | D:7      | Noticed Duvessa
  8658 | D:7      | Killed Duvessa
  8669 | D:7      | Killed Dowan
  8732 | D:7      | Reached ** piety under Ashenzari
  8864 | D:7      | Found a blossoming altar of Fedhas.
  9254 | D:8      | Noticed Maurice
  9269 | D:8      | Noticed a two-headed ogre
  9272 | D:8      | Noticed a two-headed ogre
  9279 | D:7      | Killed a two-headed ogre
  9279 | D:7      | Reached skill level 8 in Fighting
  9279 | D:7      | Reached skill level 4 in Armour
  9497 | D:8      | Noticed a two-headed ogre
  9503 | D:7      | Killed a two-headed ogre
  9503 | D:7      | Reached skill level 3 in Dodging
  9503 | D:7      | Reached skill level 4 in Shields
  9825 | D:8      | Noticed Pikel
  9841 | D:8      | Killed Pikel
  9855 | D:8      | Reached skill level 7 in Long Blades
  9862 | D:8      | Killed Maurice
  9874 | D:8      | Killed a two-headed ogre
  9874 | D:8      | Reached XP level 11. HP: 43/87 MP: 6/11
  9875 | D:8      | Noticed a two-headed ogre
  9884 | D:8      | Noticed Erica
 10132 | D:8      | Killed Erica
 10132 | D:8      | Reached skill level 4 in Dodging
 10145 | D:8      | Killed a two-headed ogre
 10145 | D:8      | Reached skill level 9 in Fighting
 10145 | D:8      | Reached skill level 5 in Armour
 10145 | D:8      | Reached skill level 5 in Shields
 10367 | D:8      | Found a sacrificial altar of Ru.
 10408 | D:8      | Reached *** piety under Ashenzari
 10685 | D:9      | Noticed a two-headed ogre
 10714 | D:9      | Killed a two-headed ogre
 10733 | D:9      | Noticed Grum
 10744 | D:9      | Killed Grum
 11117 | D:9      | Identified the +9 rapier of Classification {protect, Fragile +Blink Dex+5 SInv}
 11235 | D:9      | Noticed Erolcha
 11249 | D:9      | Killed Erolcha
 11482 | D:10     | Entered Level 10 of the Dungeon
 11483 | D:10     | Reached **** piety under Ashenzari
 11589 | D:10     | Reached skill level 5 in Dodging
 11851 | D:10     | Found a staircase to the Lair.
 12103 | D:10     | Found a staircase to the Orcish Mines.
 12113 | D:10     | Reached skill level 1 in Evocations
 12128 | D:10     | Reached skill level 2 in Evocations
 12195 | D:10     | Reached ***** piety under Ashenzari
 12421 | D:10     | Reached skill level 3 in Evocations
 12529 | Lair:1   | Entered Level 1 of the Lair of Beasts
 12532 | Lair:1   | Identified a scroll of acquirement
 12579 | Lair:1   | Reached XP level 12. HP: 44/96 MP: 6/14
 12703 | Lair:1   | Noticed a four-headed hydra
 12716 | Lair:1   | Killed a four-headed hydra
 12716 | Lair:1   | Reached skill level 4 in Evocations
 12762 | Lair:1   | Reached skill level 5 in Evocations
 13614 | Lair:2   | Reached skill level 8 in Long Blades
 13739 | Lair:2   | Reached skill level 6 in Armour
 13892 | Lair:2   | Noticed a five-headed hydra
 13906 | Lair:2   | Killed a five-headed hydra
 13906 | Lair:2   | Reached skill level 6 in Shields
 13938 | Lair:2   | Found a hole to the Spider Nest.
 13985 | Lair:2   | Found a dark tunnel.
 14081 | Lair:2   | Found a staircase to the Shoals.
 14208 | Lair:2   | Reached skill level 10 in Fighting
 14566 | Lair:3   | Reached ****** piety under Ashenzari
 14575 | Lair:3   | Noticed a seven-headed hydra
 14579 | Lair:3   | Killed a seven-headed hydra
 14591 | Lair:3   | Noticed an eight-headed hydra
 14602 | Lair:3   | Killed a nine-headed hydra
 14997 | Lair:3   | Reached skill level 6 in Dodging
 15030 | Lair:3   | Identified the amulet "Xietaic" {RegenMP Dex+5}
 15921 | Lair:5   | Noticed Kirke
 15937 | Lair:4   | Upgraded the game from 0.22-a0-346-ga714374 to 0.22-a0-348-gd16d139
 15938 | Lair:5   | Noticed an eight-headed hydra
 15946 | Lair:4   | Gained mutation: You are in touch with the powers of death. [Mummy growth]
 15946 | Lair:4   | Reached XP level 13. HP: 42/104 MP: 8/16
 16267 | Lair:5   | Found a staircase to the Slime Pits.
 16284 | Lair:5   | Reached skill level 7 in Armour
 16325 | Lair:5   | Killed Kirke
 16325 | Lair:5   | Reached skill level 7 in Shields
 16534 | Lair:5   | Identified the +3 dire flail "Wucororch" {antimagic, Int+5}
 17010 | Lair:6   | Entered Level 6 of the Lair of Beasts
 17161 | Lair:6   | Reached skill level 9 in Long Blades
 17402 | Lair:6   | Noticed an entropy weaver
 17499 | Lair:6   | Reached skill level 11 in Fighting
 17512 | Lair:6   | Noticed Arum's ghost (journeyman MiMo)
 17525 | Lair:6   | Killed Arum's ghost
 17525 | Lair:6   | Reached skill level 7 in Dodging
 17525 | Lair:6   | Reached skill level 6 in Evocations
 17704 | Lair:6   | HP: 13/106 [komodo dragon (18)]
 17706 | Lair:6   | HP: 5/106 [death yak (8)]
 17722 | Lair:6   | HP: 6/106 [soldier ant (3)]
 17861 | Lair:6   | Noticed an entropy weaver
 18099 | Lair:6   | Killed an entropy weaver
 18432 | Lair:6   | Noticed Rupert
 18436 | Lair:6   | Paralysed by Rupert for 5 turns
 18445 | Lair:6   | Killed Rupert
 18445 | Lair:6   | Reached skill level 8 in Armour
 18445 | Lair:6   | Reached XP level 14. HP: 62/113 MP: 8/18
 18535 | Lair:6   | Killed an entropy weaver
 18535 | Lair:6   | Reached skill level 8 in Shields
 19388 | Lair:6   | Identified the cursed ring "Orghapp" {+Blink Str+4 Stlth+}
 20192 | D:11     | Identified the +5 scale mail "Illy" {*Drain rPois Int+2}
 20504 | D:11     | Found Meguorem's Gadget Boutique.
 20513 | D:11     | Bought a wand of iceblast (11) for 195 gold pieces
 20513 | D:11     | Bought a wand of acid (7) for 286 gold pieces
 20724 | D:12     | Found a gateway to a bazaar.
 20736 | Bazaar   | Entered a bazaar
 20736 | Bazaar   | Found Luci Omo's Magic Scroll Shop.
 20736 | Bazaar   | Found Ywanoran's Distillery.
 20736 | Bazaar   | Found Qetack's Book Shoppe.
 20738 | Bazaar   | Found Xuyfyll's Assorted Antiques.
 20738 | Bazaar   | Found Hiekinti's Assorted Antiques.
 20772 | Bazaar   | Bought a scroll of teleportation for 36 gold pieces
 20778 | Bazaar   | Bought a scroll of blinking for 135 gold pieces
 20778 | Bazaar   | Bought a scroll of fog for 36 gold pieces
 20784 | Bazaar   | Bought a scroll of summoning for 114 gold pieces
 20784 | Bazaar   | Bought a scroll of summoning for 114 gold pieces
 20784 | Bazaar   | Bought 3 scrolls of blinking for 270 gold pieces
 20784 | Bazaar   | Bought a scroll of enchant armour for 90 gold pieces
 20784 | Bazaar   | Bought a scroll of teleportation for 36 gold pieces
 20804 | Bazaar   | Bought a scroll of remove curse for 36 gold pieces
 21029 | D:12     | Reached skill level 8 in Dodging
 21116 | D:12     | Reached skill level 10 in Long Blades
 21486 | D:13     | Noticed Josephine
 21496 | D:13     | Killed Josephine
 21559 | D:13     | Reached skill level 12 in Fighting
 21702 | D:13     | Reached skill level 7 in Evocations
 22638 | D:13     | Found a gate to the Vaults.
 23271 | D:14     | Reached XP level 15. HP: 112/121 MP: 18/20
 23316 | D:14     | Reached skill level 9 in Armour
 23485 | D:14     | Reached skill level 9 in Shields
 23785 | D:14     | Identified the +1 robe of Daumut {+Inv rN+ Regen+ Dex-5} (You took it off a crimson imp on level 6 of the Dungeon)
 24267 | D:14     | Identified the ring "Haraj" {Wiz rElec}
 24561 | D:15     | Entered Level 15 of the Dungeon
 24996 | D:15     | Reached skill level 9 in Dodging
 25009 | D:15     | Found a staircase to the Depths.
 25135 | D:15     | Noticed a fire giant
 25145 | D:15     | HP: 15/122 [orc knight/bolt (17)]
 25145 | D:15     | Killed from afar by a fire giant

Vault maps used:
D:1:      ldierk_walled_garden_2
D:3:      chequers_ecumenical_altar_island, minmay_fountain_box, uniq_jessica,
          uniq_sigmund
D:4:      old_forge, old_standard_altar, first_ration,
          nicolae_ossuary_entry_ruins, uniq_robin
D:5:      minitemple, temple_green, corexii_item_surrounded_by_moat
D:6:      uniq_grinder, uniq_crazy_yiuf_cottage
D:7:      fedhas_altar_1, kiku_gazebo_garden_becter, uniq_duvessa, uniq_joseph
D:8:      nicolae_ru_awakened_eye, uniq_erica, uniq_maurice, uniq_pikel
D:9:      lemuel_ice_spiral_2, uniq_erolcha, uniq_grum
D:10:     david_lair_shrubbed, kennysheep_orc_monster_closet_entryway
D:11:     serial_shops, shop_statue
D:12:     serial_shops, bzr_firewalk, hangedman_fish_farm, serial_bayou_lagoon_b
D:13:     erik_vaults_1, uniq_josephine
D:14:     minmay_spiral_squares, serial_glass, glass_columns_b, glass_columns_a,
          grunt_ministairs_15
D:15:     grunt_enter_depths_giant_problem, minmay_misc_feat_more_columns
Lair:1:   nicolae_lair_grove_arrangements, grunt_megastairs_3
Lair:2:   lemuel_slime, elwin_shoals_entry_rocks, spider_nest_entry_web_field,
          nicolae_volcano_entry_hallway
Lair:3:   beast_lair_carwin_5, infiniplex_staircase_pool_2,
          serial_bayou_shore_b, serial_bayou_shore_b, grunt_megastairs_1,
          serial_bayou_shore_b
Lair:5:   nicolae_slime_entry_slimehenge, grunt_megastairs_5, uniq_kirke
Lair:6:   evilmike_catoblepas_cave, zaba_anthell, uniq_rupert
Bazaar:   bazaar_minmay_generic_island
Ossuary:  ossuary_minmay_scorpions

Skill      XL: |  1  2  3  4  5  6  7  8  9 10 11 12 13 14 15 |
---------------+----------------------------------------------+-----
Maces & Flails | 2 3 5 7 |  7.8
Dodging        | 1 2 3 5 6 7 8 9 |  9.0
Armour         | 3 4 5 6 8 9 |  9.4
Shields        | 3 4 5 6 7 8 9 |  9.3
Fighting       | 4 7 8 9 10 11 12 | 12.5
Long Blades    | 2 5 7 8 9 10 | 10.6
Evocations     | 3 5 6 7 |  7.8

Action                   |  1- 3 |  4- 6 |  7- 9 | 10-12 | 13-15 || total
-------------------------+-------+-------+-------+-------+-------++-------
Melee: Flail             |   208 |   156 |   252 |       |       ||   616
       Double sword      |       |       |   251 |   705 |  1091 ||  2047
Invok: Curse Item        |       |       |     5 |     1 |     1 ||     7
Evoke: Wand              |       |       |       |    11 |    19 ||    30
       Lamp of fire      |       |       |       |     1 |     4 ||     5
       Phial of floods   |       |       |       |       |     1 ||     1
  Use: Scroll            |       |     4 |     8 |     7 |     3 ||    22
 Stab: Petrified         |       |       |       |       |     6 ||     6
       Paralysed         |       |       |       |       |     3 ||     3
Armor: Scale mail        |    57 |       |       |       |       ||    57
       Plate armour      |    83 |    83 |   429 |   383 |   372 ||  1350
Dodge: Dodged            |    62 |    26 |   105 |   183 |   329 ||   705
Block: Shield            |   138 |    81 |   316 |   491 |   770 ||  1796
       Rpst.: Double sword |       |       |    21 |    55 |    86 ||   162

Table legend:
 A = Spawn XP
 B = Non-spawn XP
 C = Spawn XP percentage of total XP
 D = Spawn monster count
 E = Non-spawn monster count
 F = Spawn count percentage of total count
 G = Total turns spent on level
                    A         B        C        D         E        F      G
               +---------+---------+-------+---------+---------+-------+---------
         Total |       0 |  128992 |   0.0 |       0 |     786 |   0.0 | 25145
               +---------+---------+-------+---------+---------+-------+---------
           D:1 |       0 |      39 |   0.0 |       0 |      24 |   0.0 |  1047
           D:2 |       0 |      58 |   0.0 |       0 |      24 |   0.0 |   685
           D:3 |       0 |     298 |   0.0 |       0 |      13 |   0.0 |   922
           D:4 |       0 |    1221 |   0.0 |       0 |      46 |   0.0 |  1468
           D:5 |       0 |    1749 |   0.0 |       0 |      39 |   0.0 |  1670
           D:6 |       0 |     708 |   0.0 |       0 |      19 |   0.0 |   958
           D:7 |       0 |    3826 |   0.0 |       0 |      44 |   0.0 |  1654
           D:8 |       0 |    4617 |   0.0 |       0 |      28 |   0.0 |   882
           D:9 |       0 |    5058 |   0.0 |       0 |      50 |   0.0 |   897
          D:10 |       0 |    2956 |   0.0 |       0 |      39 |   0.0 |  1093
          D:11 |       0 |    6991 |   0.0 |       0 |      45 |   0.0 |   727
          D:12 |       0 |    4739 |   0.0 |       0 |      26 |   0.0 |   704
          D:13 |       0 |   12252 |   0.0 |       0 |      63 |   0.0 |  1408
          D:14 |       0 |   22731 |   0.0 |       0 |      71 |   0.0 |  1705
          D:15 |       0 |    8135 |   0.0 |       0 |      30 |   0.0 |   584
        Lair:1 |       0 |    3217 |   0.0 |       0 |      13 |   0.0 |  1113
        Lair:2 |       0 |    5109 |   0.0 |       0 |      39 |   0.0 |   804
        Lair:3 |       0 |    5290 |   0.0 |       0 |      21 |   0.0 |   884
        Lair:4 |       0 |    3179 |   0.0 |       0 |      17 |   0.0 |   963
        Lair:5 |       0 |    5542 |   0.0 |       0 |      19 |   0.0 |  1091
        Lair:6 |       0 |   30294 |   0.0 |       0 |      88 |   0.0 |  2486
       Ossuary |       0 |     983 |   0.0 |       0 |      28 |   0.0 |  1299
               +---------+---------+-------+---------+---------+-------+---------

Vault maps used:
D:1:      ldierk_walled_garden_2
D:3:      chequers_ecumenical_altar_island, minmay_fountain_box, uniq_jessica,
          uniq_sigmund
D:4:      old_forge, old_standard_altar, first_ration,
          nicolae_ossuary_entry_ruins, uniq_robin
D:5:      minitemple, temple_green, corexii_item_surrounded_by_moat
D:6:      uniq_grinder, uniq_crazy_yiuf_cottage
D:7:      fedhas_altar_1, kiku_gazebo_garden_becter, uniq_duvessa, uniq_joseph
D:8:      nicolae_ru_awakened_eye, uniq_erica, uniq_maurice, uniq_pikel
D:9:      lemuel_ice_spiral_2, uniq_erolcha, uniq_grum
D:10:     david_lair_shrubbed, kennysheep_orc_monster_closet_entryway
D:11:     serial_shops, shop_statue
D:12:     serial_shops, bzr_firewalk, hangedman_fish_farm, serial_bayou_lagoon_b
D:13:     erik_vaults_1, uniq_josephine
D:14:     minmay_spiral_squares, serial_glass, glass_columns_b, glass_columns_a,
          grunt_ministairs_15
D:15:     grunt_enter_depths_giant_problem, minmay_misc_feat_more_columns
Lair:1:   nicolae_lair_grove_arrangements, grunt_megastairs_3
Lair:2:   lemuel_slime, elwin_shoals_entry_rocks, spider_nest_entry_web_field,
          nicolae_volcano_entry_hallway
Lair:3:   beast_lair_carwin_5, infiniplex_staircase_pool_2,
          serial_bayou_shore_b, serial_bayou_shore_b, grunt_megastairs_1,
          serial_bayou_shore_b
Lair:5:   nicolae_slime_entry_slimehenge, grunt_megastairs_5, uniq_kirke
Lair:6:   evilmike_catoblepas_cave, zaba_anthell, uniq_rupert
Bazaar:   bazaar_minmay_generic_island
Ossuary:  ossuary_minmay_scorpions

Table legend:
 A = Turns spent in this place as a percentage of turns spent in the entire game.
 B = Non-inter-level travel turns spent in this place as a percentage of non-inter-level travel turns spent in the entire game.
 C = Inter-level travel turns spent in this place as a percentage of turns spent in this place.
 D = Turns resting spent in this place as a percentage of non-inter-level travel turns spent in this place.
 E = Turns spent auto-exploring this place as a percentage of non-inter-level travel turns spent in this place.
 F = Non-inter-level travel turns spent in this place divided by the number of levels of this place that you've seen.
                   A       B       C       D       E      F
               +-------+-------+-------+-------+-------+----------------------
         Total | 100.0 | 100.0 |   3.0 |  27.6 |  50.9 | 1060.8
       Dungeon |  65.2 |  65.5 |   2.6 |  24.3 |  53.6 | 1064.9
          Lair |  29.2 |  28.8 |   4.3 |  29.1 |  53.3 | 1170.8
        Bazaar |   0.4 |   0.4 |   0.0 |   0.0 |  33.7 | 101.0
       Ossuary |   5.2 |   5.3 |   0.0 |  62.9 |   6.7 | 1299.0
               +-------+-------+-------+-------+-------+----------------------

Table legend:
 A = Kills in this place as a percentage of kills in entire the game.
 B = Kills by you in this place as a percentage of kills by you in the entire game.
 C = Kills by friends in this place as a percentage of kills by friends in the entire game.
 D = Other kills in this place as a percentage of other kills in the entire game.
 E = Experience gained in this place as a percentage of experience gained in the entire game.
 F = Experience gained in this place divided by the number of levels of this place that you have seen.
                   A       B       C       D       E      F
               +-------+-------+-------+-------+-------+----------------------
         Total | 100.0 | 100.0 | 100.0 | 100.0 | 100.0 | 5608.3
       Dungeon |  71.4 |  71.3 | 100.0 |  50.0 |  58.4 | 5025.2
          Lair |  25.1 |  25.1 |   0.0 |  50.0 |  40.8 | 8771.8
       Ossuary |   3.6 |   3.6 |   0.0 |   0.0 |   0.8 | 983.0
               +-------+-------+-------+-------+-------+----------------------
